 Dungeon Crawl Stone Soup version 0.31-a0-331-geda263fcf1 (webtiles) character file.

Game seed: 821073301570460488

642 javelincjr the Trooper (level 7, -1/55 HPs)
             Began as a Demonspawn Fighter on July 19, 2023.
             Succumbed to a gnoll sergeant's poison
             ... on level 4 of the Dungeon.
             The game lasted 00:13:32 (3593 turns).

javelincjr the Trooper (Demonspawn Fighter)         Turns: 3593, Time: 00:13:40

Health: -1/55      AC: 21    Str: 18 (19) XL:     7   Next: 26%
Magic:  6/7        EV:  7    Int: 10 (12) God:
Gold:   283        SH:  5    Dex: 11 (12) Spells: 6/6 levels left

rFire   + . .        a - +0 trident
rCold   . . .        c - +0 buckler
rNeg    . . .        x - +6 chain mail of the Bells {Int+3}
rPois   .            (helmet currently unavailable)
rElec   .            (cloak currently unavailable)
rCorr   +            (gloves currently unavailable)
SInv    .            (boots currently unavailable)
Will    .....        v - amulet of guardian spirit Stlth
                     i - +4 ring of protection
HPRegen 0.29/turn    n - ring of resist corrosion
MPRegen 0.10/turn

%: guardian spirit
@: lethally poisoned (-1 -> -2), beast-form, on berserk cooldown
A: beast (slay +0), yellow scales 1, demonic guardian 1, weakness stinger 1,
fire resistance 1, MP-powered wands
a: Begin Untransformation


You were on level 4 of the Dungeon.
You were a hulking beast.
You visited 1 branch of the dungeon, and saw 5 of its levels.

You collected 283 gold pieces.

Inventory:

Hand Weapons
 a - a +0 trident (weapon)
Missiles
 u - 4 silver boomerangs
Armour
 b - a +0 scale mail
 c - a +0 buckler (worn)
 x - the +6 chain mail of the Bells (worn) {Int+3}
   (You found it on level 4 of the Dungeon)

   Int:       It affects your intelligence (+3).
Jewellery
 i - a +4 ring of protection (left hand)
 n - a ring of resist corrosion (right hand)
 q - a +6 ring of intelligence
 t - a ring of positive energy
 v - an amulet of guardian spirit (around neck)
Talismans
 w - a beast talisman
Scrolls
 g - a scroll of teleportation {unknown}
 j - a scroll of fear {unknown}
 l - a scroll of poison {unknown}
 m - a scroll of enchant weapon {unknown}
 o - a scroll of fog {unknown}
 p - 2 scrolls of amnesia {unknown}
 r - 2 scrolls of identify {unknown}
 y - a scroll of revelation {unknown}
 z - a scroll of noise {unknown}
Potions
 d - a potion of might
 f - 2 potions of degeneration
 A - a potion of attraction {unknown}


   Skills:
 + Level 4.9 Fighting
 + Level 4.0 Polearms
 + Level 4.5 Armour
 + Level 4.4 Shields


You had 6 spell levels left.
You didn't know any spells.
Your spell library contained the following spells:

 Spells                   Type           Power      Damage    Failure   Level
 Summon Small Mammal      Summ           0%         N/A       99%         1
 Call Canine Familiar     Summ           0%         N/A       100%        3
 Summon Guardian Golem    Hex/Summ       0%         N/A       100%        3


Dungeon Overview and Level Annotations

Branches:
Dungeon (5/15)
 Temple: D:4-7

Altars:
Cheibriados


Innate Abilities, Weirdness & Mutations

You are a hulking beast.
Your limbs bulge with bestial killing power. (Slay +0)
You are partially covered in yellow scales. (AC +2)
A weak demonic guardian rushes to your aid.
You have a small tail.
Your flesh is heat resistant. (rF+)
You expend magic power (3 MP) to strengthen your wands.


Message History

It was a potion of degeneration.
There was something very wrong with that liquid.
You feel weakened.
You feel dopey.
You feel clumsy.
* * * LOW HITPOINT WARNING * * *
You feel very sick.
It was a potion of lignification.
Your transformation has ended.
You turn into a tree.
The +6 chain mail of the Bells {Int+3} melds into your body.
Your roots penetrate the ground.
* * * LOW HITPOINT WARNING * * *
You feel very sick.
It was a potion of berserk rage.
A red film seems to cover your vision as you go berserk!
You feel yourself moving faster!
You feel mighty!
You feel sick.
You are too berserk!
You feel a strong urge to attack something.
You feel sick.
* * * LOW HITPOINT WARNING * * *
You feel sick.
You feel your anger nearly subside.
You feel sick.
You are no longer berserk.
You are exhausted.
You feel yourself slow down.
* * * LOW HITPOINT WARNING * * *
You feel sick.
It was a potion of mutation.
You feel extremely strange.
You feel your magical essence link to the dungeon's wands.
You feel resistant to heat.
* * * LOW HITPOINT WARNING * * *
You feel sick.
It was a potion of cancellation.
Your magical effects are unravelling.
You feel magically purged.
You feel less wooden.
The +6 chain mail of the Bells {Int+3} unmelds from your body.
You turn into a hulking beast.
You feel yourself speed up.
You die...

......# #.##....)......##
#.... .####.#
#.###.###.......###...)
.####.## #.#
#.#................
.......# #.#
#.#.#.......####.##
.####..# #.#
#.#.##.....#####.##
.####..#
#.###.............)).##
.......#
#......#.....#.#####.##
.#####.######.#.....#..#.#
#.## .#
#.........)h.#.#..#.# #...
.# ########.#.#.#.#..#.#
###. .#
#.......#..#.#######. .#
#.###.###..#......... ##
#.....##............. #
########...########..
#...# #.. #...##### #.#
#.[..>..# #.#


There were no monsters in sight!

Vanquished Creatures
  An ogre (D:4)
  A scorpion (D:4)
  A quasit (D:4)
  3 hounds (D:4)
  A sleepcap (D:4)
  An iguana (D:4)
  7 adders
  3 gnolls
  2 shadow imps (D:4)
  2 ufetubi (D:4)
  3 worms
  2 dart slugs
  2 orcs (D:3)
  5 endoplasms
  A giant cockroach (D:1)
  7 hobgoblins
  2 jackals (D:2)
  11 kobolds
  6 quokkas
  3 ball pythons
  3 bats
  2 frilled lizards
  10 goblins
  6 rats
85 creatures vanquished.

Vanquished Creatures (collateral kills)
  A scorpion (D:4)
  A hound (D:4)
  An orc priest (D:3)
  A worm (D:2)
  An orc (D:3)
  A kobold (D:4)
6 creatures vanquished.

Grand Total: 91 creatures vanquished

Notes
Turn   | Place    | Note
-------+----------+-------------------------------------------
     0 | D:1      | javelincjr the Demonspawn Fighter began the quest for the
                  | Orb.
     0 | D:1      | Reached XP level 1. HP: 18/18 MP: 1/1
   163 | D:1      | Gained mutation: A weak demonic guardian rushes to your
                  | aid. [demonic ancestry]
   163 | D:1      | Reached XP level 2. HP: 24/24 MP: 2/2
   851 | D:2      | Reached XP level 3. HP: 29/29 MP: 3/3
   956 | D:2      | Found a faded altar of an unknown god.
  1503 | D:3      | Gained mutation: You are partially covered in yellow
                  | scales. (AC +2) [demonic ancestry]
  1503 | D:3      | Reached XP level 4. HP: 35/35 MP: 4/4
  1722 | D:3      | Noticed an orc warrior
  1722 | D:3      | Noticed a kobold brigand
  2023 | D:3      | Reached XP level 5. HP: 41/42 MP: 5/5
  2584 | D:4      | Found a snail-covered altar of Cheibriados.
  2724 | D:4      | Gained mutation: You have a small tail. [demonic ancestry]
  2724 | D:4      | Reached XP level 6. HP: 48/48 MP: 6/6
  2888 | D:4      | Reached XP level 7. HP: 45/55 MP: 5/7
  2950 | D:4      | Identified the +6 chain mail of the Bells {Int+3}
  3451 | D:5      | Entered Level 5 of the Dungeon
  3588 | D:4      | HP: 6/123 [poisoned by a gnoll sergeant]
  3591 | D:4      | HP: 2/82 [poisoned by a gnoll sergeant]
  3592 | D:4      | Gained mutation: You expend magic power (3 MP) to
                  | strengthen your wands. [potion of mutation]
  3592 | D:4      | Gained mutation: Your flesh is heat resistant. (rF+)
                  | [potion of mutation]
  3593 | D:4      | Succumbed to a gnoll sergeant's poison

Illustrated notes

Levels and vault maps discovered:
D:1:      wander_arrival_chamber, layout_basic,
          hangedman_abyss_or_decor_lesser_grid, serial_bayou_pond_d
D:2:      layout_basic, basic_ecumenical_altar
D:3:      layout_loops_ring, lightli_corner_chamber
D:4:      layout_loops_ring, mainiacjoe_overflow_cross_hatched,
          cheibrodos_sewer_entry_bend, serial_demonic, serial_demonic_g,
          serial_demonic_b, serial_demonic_a, serial_demonic_g
D:5:      layout_basic, nicolae_eternal_life, eino_tiny_chamber

Skill      XL: |  1  2  3  4  5  6  7 |
---------------+----------------------+-----
Polearms       | 2 3 4 |  4.0
Armour         | 3 4 |  4.5
Shields        | 3 4 |  4.4
Fighting       | 4 |  4.9

Action                     |  1- 3 |  4- 6 |  7- 9 || total
---------------------------+-------+-------+-------++-------
  Melee: Trident           |   131 |   153 |    75 ||   359
         Tailslap          |       |     5 |     5 ||    10
    Use: Potion            |       |       |     5 ||     5
 Armour: Scale mail        |    47 |    90 |    16 ||   153
         Chain mail        |       |       |    51 ||    51
  Dodge: Dodged            |    44 |    72 |    22 ||   138
  Block: Buckler           |    24 |    43 |    25 ||    92
   Form: Beast             |       |     1 |       ||     1

Table legend: (Time is in decaauts)
 A = Elapsed time spent in this place.
 B = Non-inter-level travel time spent in this place.
 C = Inter-level travel time spent in this place.
 D = Time resting spent in this place.
 E = Time spent auto-exploring this place.
 F = Levels seen in this place.
 G = Mean time per level.
                   A        B        C        D        E       F      G
               +--------+--------+--------+--------+--------+-----+--------+
         Total |   3670 |   3475 |    195 |    193 |   2406 |   5 |  734.0 |
       Dungeon |   3670 |   3475 |    195 |    193 |   2406 |   5 |  734.0 |
               +--------+--------+--------+--------+--------+-----+--------+

Top non-repeatable levels by time:
     D:4: 1188 daAuts
     D:3: 930 daAuts
     D:1: 802 daAuts
     D:2: 720 daAuts
     D:5: 27 daAuts
